 Dungeon Crawl Stone Soup version 0.31.0-11-ge490571c62 (webtiles) character file.

Game seed: 16594999009906973121

354 Strat the Ruffian (level 6, -1/46 HPs)
             Began as a Demigod Shapeshifter on Jan 29, 2024.
             Slain by an ogre
             ... wielding a +0 giant club
              (7 damage)
             ... on level 5 of the Dungeon.
             The game lasted 00:07:09 (4207 turns).

Strat the Ruffian (Demigod Shapeshifter)            Turns: 4207, Time: 00:07:09

Health: -1/46      AC:  6    Str: 23    XL:     6   Next: 13%
Magic:  0/8        EV: 11    Int: 12    God:
Gold:   148        SH:  0    Dex: 13    Spells: 5/5 levels left

rFire   + +          .
                       - Unarmed
rCold   + . .        (no shield)
rNeg    . . .        B - +1 ring mail {rF+}
rPois   .            (helmet currently unavailable)
rElec   .            (cloak currently unavailable)
rCorr   .            i - melded +0 pair of gloves
SInv    .            (boots currently unavailable)
Will    .....        f - amulet of guardian spirit
Stlth   +            s - ring of protection from cold
HPRegen 0.27/turn    u - ring of protection from fire
MPRegen 0.11/turn

%: guardian spirit
@: beast-form
A: beast (slay +2), high MP 1, forlorn, divine attributes
a: Begin Untransformation


You were on level 5 of the Dungeon.
You were a hulking beast.
You visited 1 branch of the dungeon, and saw 5 of its levels.

You collected 148 gold pieces.

Inventory:

Missiles
 p - a throwing net (quivered)
Armour
 i - a +0 pair of gloves (melded)
 B - a +1 ring mail of fire resistance (worn)
Jewellery
 f - an amulet of guardian spirit (around neck)
 s - a ring of protection from cold (left hand)
 u - a ring of protection from fire (right hand)
 y - an amulet of magic regeneration
Talismans
 c - a beast talisman (active)
 d - a flux talisman
Wands
 z - a wand of polymorph (8)
Scrolls
 e - 2 scrolls of identify
 r - a scroll of immolation
 A - a scroll of teleportation {unknown}
Potions
 b - 2 potions of lignification
 h - a potion of curing {unknown}
 j - a potion of degeneration
 k - 2 potions of ambrosia {unknown}
 m - a potion of resistance {unknown}
 o - a potion of magic {unknown}
 q - a potion of cancellation {unknown}
 t - a potion of brilliance {unknown}
 v - a potion of heal wounds {unknown}
 x - a potion of might {unknown}


   Skills:
 - Level 0.8 Fighting
 - Level 1.7 Dodging
 * Level 5.6 Unarmed Combat
 + Level 4.1 Shapeshifting


You had 5 spell levels left.
You didn't know any spells.
Your spell library contained the following spells:

 Spells                   Type           Power      Damage    Failure   Level
 Stone Arrow              Conj/Erth      0%         3d7       85%         3
 Animate Armour           Summ/Erth      0%         N/A       99%         4
 Summon Forest            Summ/Tloc      0%         N/A       100%        5
 Eringya's Noxious Bog    Alch           0%         4d6       100%        6
 Summon Hydra             Summ           0%         N/A       100%        7
 Lehudib's Crystal Spear  Conj/Erth      0%         10d2      100%        8


Dungeon Overview and Level Annotations

Branches:
Dungeon (5/15)             Temple (0/1) D:5

Shops:
D:3 *

Annotations:
D:4 1 runed translucent door, Crazy Yiuf


Innate Abilities, Weirdness & Mutations

You are a hulking beast.
Your limbs bulge with bestial killing power. (Slay +2)
You have an increased reservoir of magic. (+10% MP)
You shall have no god before yourself.
Your divine heritage dramatically boosts your attributes as you level up.


Message History

The orc priest mumbles some strange prayers to Beogh against you.
Beogh smites you!
There is a stone staircase leading down here.
You climb downwards.
Reactivating autopickup.
The iguana hisses angrily.
The ogre shouts!
The hornet buzzes angrily.
Found 2 white potions.
There is a stone staircase leading up here.
Okay, then.
The ogre barely misses you. The shadow imp hits you.
The shadow imp grins evilly.
The shadow imp misses you. The shadow imp gestures at you.
Pain shoots through your body!
Found a pair of gloves.
As you read the scroll labelled DOSCHE PODELY, it crumbles to dust.
It is a scroll of amnesia.
You feel forgetful for a moment.
You see here a +0 pair of gloves.
As you read the scroll labelled PURESTR ALIUT, it crumbles to dust.
You assume a fearsome visage.
The hornet looks frightened!
It was a scroll of fear.
As you read the scroll labelled ISED LO LYXAMY, it crumbles to dust.
You feel aware of your surroundings.
You sensed 3 altars.
It was a scroll of revelation.
As you read the scroll labelled OHUENY GIDATZ, it crumbles to dust.
The creatures around you are filled with an inner flame!
It was a scroll of immolation.
The ogre hits you with a +0 giant club!!
* * * LOW HITPOINT WARNING * * *
There is a stone staircase leading up here.
The ogre attacks as it pursues you!
The ogre hits you with a +0 giant club!!
* * * LOW HITPOINT WARNING * * *
The ogre attacks as it pursues you! The ogre misses you.
Found a glowing cabochon amulet.
As you read the scroll labelled FYARRAKEUN, it dissolves into smoke.
It was a scroll of fog.
The ogre attacks as it pursues you! The ogre hits you with a +0 giant club!
You die...

*,,***,***,<,,* #.....#5###
******,,,**,**.....####...###.###
,,,,****,**,,,............###l###
,,,,,,*~~*****,..,.####..####.###
***,,**~~* **"...####..####.###
,,,,***~,* *#.#......<5..5.###
*******~~***♣♣♣#§######..########
***~~~~~~,♣P♣.§§§######..########
,,,~,~~~~~.~~~§§hO§§l.5!.########
**~~,**,~~♣.♣♣§§#################
********~~***♣♣#* ########### *
*,* *~** ***,****~,* ,,,,,,**~~*
*****,**,~* *,,,,** ******


You could see an ogre (inner flame).

Vanquished Creatures
  A howler monkey (D:4)
  A hound (D:4)
  A bombardier beetle (D:4)
  2 orc priests
  7 gnolls
  2 adders
  A dart slug (D:2)
  5 ribbon worms
  19 orcs
  4 endoplasms
  2 giant cockroaches (D:4)
  3 hobgoblins
  9 jackals (D:2)
  2 quokkas
  7 ball pythons
  A bat (D:2)
  4 frilled lizards
  6 goblins
  6 kobolds
  3 rats
86 creatures vanquished.

Notes
Turn   | Place    | Note
-------+----------+-------------------------------------------
     0 | D:1      | Strat the Demigod Shapeshifter began the quest for the Orb.
     0 | D:1      | Reached XP level 1. HP: 15/15 MP: 3/3
   700 | D:2      | Reached skill level 3 in Unarmed Combat
   701 | D:2      | Reached XP level 2. HP: 17/22 MP: 2/4
  1053 | D:2      | Reached XP level 3. HP: 23/27 MP: 5/5
  1110 | D:2      | You fall into a shaft and drop 1 floor!
  1356 | D:3      | Found Xula's Assorted Antiques.
  1511 | D:3      | Reached skill level 4 in Unarmed Combat
  1914 | D:3      | HP: 1/27 [quokka (2)]
  2016 | D:3      | Reached XP level 4. HP: 23/34 MP: 4/6
  3123 | D:4      | Reached XP level 5. HP: 33/39 MP: 5/7
  3372 | D:4      | Reached skill level 5 in Unarmed Combat
  3860 | D:4      | Reached XP level 6. HP: 46/46 MP: 6/8
  3937 | D:4      | Found a runed translucent door.
  3938 | D:4      | Noticed Crazy Yiuf
  4173 | D:5      | Entered Level 5 of the Dungeon
  4173 | D:5      | Noticed a hornet
  4207 | D:5      | Slain by an ogre

Illustrated notes

Levels and vault maps discovered:
D:1:      nzn_arrival_crosshair, layout_loops_ring,
          hellmonk_ecumenical_altar_heavens_door, nrook_loot_triangle
D:2:      layout_loops_ring
D:3:      layout_basic, mainiacjoe_overflow_cross_hatched, serial_shops, shop
D:4:      layout_basic, mainiacjoe_overflow_alcove_1, st_stairs_1,
          uniq_crazy_yiuf_cottage
D:5:      layout_loops_ring, vehumet_statue, mainiacjoe_overflow_big_doors,
          minmay_temple_entry_junction, serial_bayou_crossing, uniq_sigmund

Skill      XL: |  1  2  3  4  5 |
---------------+----------------+-----
Unarmed Combat | 3 4 5 |  5.6
Shapeshifting  | 3 4 |  4.1
Fighting       | |  0.8
Dodging        | |  1.7

Action                     |  1- 3 |  4- 6 || total
---------------------------+-------+-------++-------
  Melee: Unarmed           |   134 |   140 ||   274
         Punch             |     3 |     1 ||     4
Ability: Begin Untransform |       |     1 ||     1
    Use: Scroll            |     1 |     5 ||     6
   Stab: Sleeping          |     3 |       ||     3
         Distracted        |       |     1 ||     1
 Armour: Animal skin       |    62 |    60 ||   122
         Ring mail         |       |    12 ||    12
  Dodge: Dodged            |   108 |    75 ||   183
   Form: Beast             |       |     1 ||     1
